 Dungeon Crawl Stone Soup version 0.30.1-3-gfc49f6343a (webtiles) character file.

Game seed: 15847740392251052308

167 croobank the Trooper (level 5, -5/37 HPs)
             Began as an Octopode Monk on July 20, 2023.
             Was an Elder of Sif Muna.
             Killed from afar by an orc wizard (11 damage)
             ... with a magic dart
             ... on level 3 of the Dungeon.
             The game lasted 00:06:44 (1731 turns).

croobank the Trooper (Octopode Monk)                Turns: 1731, Time: 00:06:45

Health: -5/37      AC:  1    Str: 10    XL:     5   Next: 48%
Magic:  8/8        EV: 15    Int: 14    God:    Sif Muna [****..]
Gold:   156        SH:  0    Dex: 21    Spells: 6/8 levels left

rFire   . . .        k - +3 dagger (venom)
rCold   . . .        (no shield)
rNeg    . . .        (helmet restricted)
rPois   .            (no amulet)
rElec   .            j - +6 ring of dexterity
rCorr   .            (no ring)
SInv    .            (no ring)
Will    .....        (no ring)
Stlth   ++           (no ring)
HPRegen 0.26/turn    (no ring)
MPRegen 0.11/turn    (no ring)
                     (no ring)

%: no passive effects
@: confused, mighty, lethally poisoned (-5 -> -10)
A: almost no armour, amphibious, 8 rings, camouflage 1, gelatinous body 1,
(nimble swimmer 1), tentacles
a: Renounce Religion, Channel Magic, Forget Spell, Divine Exegesis


You were on level 3 of the Dungeon.
You worshipped Sif Muna.
Sif Muna was greatly pleased with you.
You visited 1 branch of the dungeon, and saw 3 of its levels.

You collected 156 gold pieces.

Inventory:

Hand Weapons
 a - a +2 dagger of electrocution
 e - a +3 spear
 h - a +0 short sword
 k - a +3 dagger of venom (weapon)
Missiles
 i - 6 poisoned darts (quivered)
Armour
 c - an orb of light
Jewellery
 j - a +6 ring of dexterity (left tentacle)
Scrolls
 d - a scroll of teleportation
Potions
 b - 2 potions of ambrosia
 n - 3 potions of degeneration {unknown}
 p - a potion of mutation {unknown}


   Skills:
 + Level 3.8 Fighting
 + Level 3.7 Short Blades
 + Level 3.8 Dodging
 - Level 0.8 Stealth
 * Level 2.4 Spellcasting


You had 6 spell levels left.
You knew the following spells:

 Your Spells              Type           Power      Damage    Failure   Level
a - Blink                 Tloc           2%         N/A       34%         2

Your spell library contained the following spells:

 Spells                   Type           Power      Damage    Failure   Level
 Lesser Beckoning         Tloc           2%         N/A       34%         2
 Momentum Strike          Conj/Tloc      2%         3d8       34%         2


Dungeon Overview and Level Annotations

Branches:
Dungeon (3/15)

Altars:
Sif Muna

Annotations:
D:3 1 runed translucent door, bahustanut's ghost, amateur OgFi


Innate Abilities, Weirdness & Mutations

You cannot wear most types of armour.
You are amphibious.
You can wear up to eight rings at the same time.
Your skin changes colour to match your surroundings (Stealth+).
Your rubbery body absorbs attacks. (AC +1, EV +1)
((You are camouflaged when in or above water. (Stealth+)))
You have tentacles for arms and can constrict up to eight enemies at once.


Message History

You bump into the rock wall.
You constrict the orc.
You kill the orc!
Sif Muna accepts your kill.
You constrict the orc wizard, but do no damage.
The orc wizard hits you with a +0 dagger.
* * * LOW HITPOINT WARNING * * *
You bump into the rock wall.
You constrict the orc wizard.
The orc wizard hits you with a +1 dagger of venom.
* * * LOW HITPOINT WARNING * * *
You are lethally poisoned!
The orc wizard hits you with a +0 dagger.
* * * LOW HITPOINT WARNING * * *
You feel better.
You feel less invigorated.
You constrict the orc wizard. The orc wizard misses you.
The orc wizard gestures wildly while chanting.
The orc wizard flickers and vanishes!
Deactivating autopickup; reactivate with Ctrl-A.
You feel very mighty all of a sudden.
You constrict something. The orc wizard closely misses you.
You hear some strange, mumbled words.
You are confused.
You bump into the rock wall.
You constrict something. Sif Muna accepts your kill.
Reactivating autopickup.
You feel a bit more experienced.
The orc wizard hits you with a +1 dagger of venom.
You are poisoned.
You bump into the rock wall.
You feel very sick.
A bat comes into view.
The orc wizard points at you and mumbles some strange words.
The magic dart hits you.
* * * LOW HITPOINT WARNING * * *
The goblin barely misses you.
The bat moves out of view.
You barely miss the goblin. Your squeeze misses the goblin.
* * * LOW HITPOINT WARNING * * *
You feel sick.
The orc wizard gestures at you while chanting.
The magic dart hits you!
You die...

#...# #...# #...# ##
#...# #######.#. .#
#...#######.@o......
.####...#....))†#g.....#
........#.#######......#
........+.......+.>....#
...##...#.#####.#.......
<#.##.###.# .......
...#..#...#### .......
.###.#.......# #.####.
?............#


You could see an orc wizard and a goblin.

Vanquished Creatures
  An orc wizard (D:3)
  Robin (D:3)
  3 gnolls
  3 adders (D:2)
  3 worms
  2 dart slugs
  3 orcs (D:3)
  4 endoplasms
  2 giant cockroaches
  13 goblins
  6 hobgoblins
  2 kobolds
  2 quokkas (D:2)
  8 ball pythons
  3 bats (D:2)
  A frilled lizard (D:2)
  4 rats (D:2)
61 creatures vanquished.

Notes
Turn   | Place    | Note
-------+----------+-------------------------------------------
     0 | D:1      | croobank the Octopode Monk began the quest for the Orb.
     0 | D:1      | Reached XP level 1. HP: 16/16 MP: 1/1
    97 | D:1      | Reached XP level 2. HP: 11/21 MP: 2/2
   262 | D:1      | Found a faded altar of an unknown god.
   271 | D:1      | Prayed at the altar of an unknown god.
   271 | D:1      | Became a worshipper of Sif Muna the Loreminder
   271 | D:1      | Reached * piety under Sif Muna
   271 | D:1      | Reached ** piety under Sif Muna
   762 | D:2      | Reached XP level 3. HP: 26/26 MP: 4/4
   765 | D:2      | Learned a level 2 spell: Blink
   798 | D:1      | Reached *** piety under Sif Muna
   853 | D:1      | Reached skill level 1 in Spellcasting
   924 | D:2      | Reached XP level 4. HP: 28/31 MP: 6/6
  1499 | D:3      | Found a runed translucent door.
  1577 | D:3      | Noticed bahustanut's ghost (amateur OgFi)
  1679 | D:3      | Noticed Robin
  1688 | D:3      | Killed Robin
  1689 | D:3      | Reached XP level 5. HP: 29/37 MP: 8/8
  1697 | D:3      | Reached **** piety under Sif Muna
  1726 | D:3      | HP: 1/37 [orc wizard/+0 dagger (4)]
  1731 | D:3      | Killed from afar by an orc wizard

Illustrated notes

Levels and vault maps discovered:
D:1:      dpeg_arrival_castle, layout_loops_ring,
          shapermc_ecumenical_altar_starsandcircs
D:2:      minmay_razor_zed, layout_rooms, minmay_cut_off
D:3:      layout_basic, ebering_ghost_reflecting_pool, nrook_mini_backslash,
          uniq_robin

Skill      XL: |  1  2  3  4 |
---------------+-------------+-----
Spellcasting   | 1 2 |  2.4
Fighting       | |  3.8
Short Blades   | |  3.7
Dodging        | |  3.8
Stealth        | |  0.8

Action                     |  1- 3 |  4- 6 || total
---------------------------+-------+-------++-------
  Melee: Short sword       |    11 |       ||    11
         Constrict         |     7 |    19 ||    26
         Tentacles         |     7 |    16 ||    23
         Dagger            |    22 |    74 ||    96
  Throw: Throwing net      |     1 |       ||     1
    Use: Scroll            |       |     7 ||     7
         Potion            |       |     3 ||     3
   Stab: Sleeping          |     4 |     8 ||    12
         Held in net/web   |     1 |       ||     1
         Distracted        |       |     1 ||     1
 Armour: Skin              |     4 |     6 ||    10
  Dodge: Dodged            |    19 |    33 ||    52
